 Dungeon Crawl Stone Soup version 0.29.1-1-gd02db6906a (webtiles) character file.

Game seed: 14481113909631194421

1916 hawla the Destroyer (level 8, -1/57 (62) HPs)
             Began as a White Draconian Conjurer on Sept 30, 2022.
             Was an Initiate of Vehumet.
             Killed from afar by an orc sorcerer (43 damage)
             ... with a bolt of negative energy
             ... on level 7 of the Dungeon.
             The game lasted 00:19:10 (9764 turns).

hawla the Destroyer (White Draconian Conjurer)      Turns: 9764, Time: 00:19:11

HP:   -1/57 (62)    AC:  9    Str: 11    XL:     8   Next: 95%
MP:   1/14          EV: 12    Int: 20    God:    Vehumet [......]
Gold: 281           SH:  0    Dex:  9    Spells: 8/15 levels left

rFire   + + .      SeeInvis .   f - staff of fire
rCold   + . .      Faith    .   (no shield)
rNeg    . . .      Spirit   .   (body armour unavailable)
rPois   .          Reflect  .   (helmet restricted)
rElec   .          Harm     .   v - +0 cloak
rCorr   +          Rampage  .   l - +0 pair of gloves
Will    .....                   B - +0 pair of boots
Stlth   ++........              (no amulet)
HPRegen 0.19/turn               d - ring of resist corrosion
MPRegen 0.14/turn               m - ring of protection from fire

@: lethally poisoned (-1 -> -6), drained
A: breathe frost, AC +6, unfitting armour, cold resistance 1, cold-blooded
a: Breathe Frost, Renounce Religion


You were on level 7 of the Dungeon.
You worshipped Vehumet.
Vehumet was noncommittal.
You visited 1 branch of the dungeon, and saw 7 of its levels.

You collected 281 gold pieces.

Inventory:

Missiles
 k - 30 poisoned darts (quivered)
Armour
 l - a +0 pair of gloves (worn)
 v - a +0 cloak (worn)
 B - a +0 pair of boots (worn)
Magical Staves
 f - a staff of fire (weapon)
 z - a staff of death
Jewellery
 d - a ring of resist corrosion (left hand)
 m - a ring of protection from fire (right hand)
Wands
 o - a wand of mindburst (27)
 x - a wand of charming (9)
Scrolls
 b - a scroll of teleportation {unknown}
 e - a scroll of fear
 n - a scroll of noise {unknown}
 p - 2 scrolls of magic mapping {unknown}
 q - a scroll of amnesia
 w - 3 scrolls of identify
 y - a scroll of fog {unknown}
 A - a scroll of immolation {unknown}
Potions
 a - a potion of magic
 c - 3 potions of might {unknown}
 g - 2 potions of invisibility
 h - 5 potions of brilliance {unknown}
 i - 2 potions of curing
 j - 2 potions of degeneration {unknown}
 r - a potion of lignification {unknown}
 s - 2 potions of flight {unknown}
 t - a potion of mutation {unknown}
 u - a potion of heal wounds {unknown}


   Skills:
 + Level 2.5 Fighting
 + Level 1.2 Staves
 + Level 3.4 Dodging
 - Level 2.7 Stealth
 + Level 4.4 Spellcasting
 + Level 9.7 Conjurations
 + Level 3.3 Translocations


You had 8 spell levels left.
You knew the following spells:

 Your Spells              Type           Power      Damage    Failure   Level
a - Magic Dart            Conj           100%       1d8       1%          1
b - Searing Ray           Conj           86%        2d7       1%          2
c - Iskenderun's Mystic   Conj/Tloc      30%        2d8       9%          4

Your spell library contained the following spells:

 Spells                   Type           Power      Damage    Failure   Level
 Dazzling Flash           Conj/Hex       46%        N/A       4%          3
 Summon Small Mammal      Summ           16%        N/A       12%         1
 Fulminant Prism          Conj/Hex       11%        3d9       17%         4


Dungeon Overview and Level Annotations

Branches:
Dungeon (8/15)
 Temple: D:4-7         Lair: D:8-11

Altars:
Cheibriados
Kikubaaqudgha
Okawaru
Sif Muna
Vehumet
Xom

Shops:
D:4 =   D:7 [

Annotations:
D:2 1 runed translucent door, Crazy Yiuf
D:5 1 runed translucent door, BigDaddyOpFi's ghost, amateur GrDe


Innate Abilities, Weirdness & Mutations

You can breathe waves of freezing cold which knock back foes.
Your icy white scales are hard. (AC +6)
You cannot fit into any form of body armour.
Your flesh is cold resistant. (rC+)
You are cold-blooded and may be slowed by cold attacks.


Message History

The orc sorcerer hits you with a +0 dagger of venom.
You are poisoned.
The searing ray hits the orc sorcerer.
The orc sorcerer is severely wounded.
The searing ray hits the howler monkey.
The howler monkey is almost dead.
You feel sick.
The orc sorcerer points at you and mumbles some strange words.
The bolt of negative energy hits you!
You feel drained.
The howler monkey hoots and howls with incredible vigour!
You hear a shout!
The searing ray hits the orc sorcerer.
The orc sorcerer is severely wounded.
You feel sick.
The orc sorcerer howls an incantation.
You feel disoriented.
The orc sorcerer mumbles some strange words.
The searing ray hits the orc sorcerer.
The orc sorcerer is almost dead.
The searing ray hits the soul eater.
The soul eater is lightly wounded.
The searing ray misses the howler monkey.
You finish channelling your searing ray.
You feel sick.
The howler monkey hits you but does no damage.
The orc sorcerer barely misses you. The howler monkey barely misses you.
You feel sick.
A centaur comes into view.
The orc sorcerer attacks as you move away!
The orc sorcerer closely misses you.
You feel sick.
The orc sorcerer attacks as you move away!
The orc sorcerer hits you but does no damage.
You are more poisoned.
You feel sick.
The howler monkey hoots and howls with incredible vigour!
You feel sick.
The orc sorcerer gestures at you while chanting.
The bolt of negative energy hits you!!!
You feel drained.
Ouch! That really hurt!
You die...

...c.#.# #.......#.##....
≈≈≈...###.####.##.#####. #
#≈≈..#...# #.##.#####. #..
#≈..#...# #.##....##.
.[.$.#~..#...####.#####.##.
.......hh3........# #.#.##.
.$...#~.#o#####.#####...##.
#.. #≈.#..##......##.####.
# #≈≈.##@#.[..##.##.# #.
≈≈≈..##......<#.##.# #.
.....###.......#.##.# ##
...........>.<..#.##.#
#.###############....#
######


You could see a soul eater (summoned), an orc sorcerer and a howler monkey
(catching breath).

Vanquished Creatures
  Grinder (D:4)
  Sigmund (D:2)
  A steam dragon (D:7)
  An orc warrior (D:7)
  A sky beast (D:8)
  A black bear (D:8)
  An ogre (D:7)
  2 phantoms
  A kobold brigand (D:8)
  A necrophage (D:5)
  A scorpion (D:5)
  2 hounds
  2 orc priests
  Jessica (D:3)
  3 iguanas
  7 orc wizards
  Natasha (thrice) (D:4)
  A mummy (D:3)
  3 gnolls (D:4)
  7 adders
  A shadow imp (D:7)
  A white imp (D:7)
  An ufetubus (D:5)
  3 worms
  2 dart slugs
  14 orcs
  7 endoplasms
  6 giant cockroaches
  8 goblins
  5 hobgoblins
  3 jackals (D:4)
  5 quokkas (D:1)
  6 ball pythons
  11 bats
  3 frilled lizards (D:1)
  14 kobolds
  7 rats
138 creatures vanquished.

Notes
Turn   | Place    | Note
-------+----------+-------------------------------------------
     0 | D:1      | hawla the Draconian Conjurer began the quest for the Orb.
     0 | D:1      | Reached XP level 1. HP: 14/14 MP: 3/3
   625 | D:1      | Reached XP level 2. HP: 17/20 MP: 3/5
  1307 | D:2      | Learned a level 2 spell: Searing Ray
  1413 | D:1      | Reached XP level 3. HP: 23/26 MP: 0/6
  1540 | D:1      | Found a faded altar of an unknown god.
  2110 | D:2      | Noticed Sigmund
  2728 | D:2      | Killed Sigmund
  2729 | D:2      | Reached skill level 5 in Conjurations
  2729 | D:2      | Reached XP level 4. HP: 34/34 MP: 1/8
  2729 | D:2      | Reached XP level 5. HP: 39/39 MP: 1/9
  2734 | D:2      | Learned a level 4 spell: Iskenderun's Mystic Blast
  3029 | D:2      | Identified the +7 great mace of Dismemberment {antimagic,
                  | rF- rN+ Dex+9 Stlth+}
  3158 | D:2      | Found a shimmering altar of Xom.
  3551 | D:2      | Found a runed translucent door.
  3552 | D:2      | Noticed Crazy Yiuf
  3985 | D:3      | Noticed Jessica
  3989 | D:3      | Killed Jessica
  3990 | D:3      | Reached XP level 6. HP: 46/46 MP: 6/10
  4073 | D:3      | Reached skill level 1 in Translocations
  4774 | D:3      | Found a snail-covered altar of Cheibriados.
  4783 | D:3      | Reached skill level 6 in Conjurations
  4905 | D:3      | Found an iron altar of Okawaru.
  5291 | D:4      | Found Qaef's Jewellery Boutique.
  5355 | D:4      | Noticed Natasha
  5357 | D:4      | Killed Natasha
  5358 | D:4      | Your scales start taking on an icy white colour.
  5358 | D:4      | Reached XP level 7. HP: 51/51 MP: 7/11
  5358 | D:4      | Gained mutation: Your flesh is cold resistant. (rC+) [White
                  | Draconian growth]
  5449 | D:4      | Noticed Natasha
  5657 | D:4      | Killed Natasha
  5711 | D:4      | Reached skill level 7 in Conjurations
  6244 | D:4      | Noticed Natasha
  6249 | D:4      | Killed Natasha
  6777 | D:4      | Found an ancient bone altar of Kikubaaqudgha.
  6820 | D:4      | Found a shimmering blue altar of Sif Muna.
  6855 | D:4      | Got Sif Muna's Grimoire of the Union
  7070 | D:4      | Found a radiant altar of Vehumet.
  7078 | D:4      | Became a worshipper of Vehumet
  7142 | D:4      | Noticed Grinder
  7153 | D:4      | Paralysed by Grinder for 2 turns
  7157 | D:4      | Paralysed by Grinder for 4 turns
  7161 | D:4      | Killed Grinder
  7162 | D:4      | Reached skill level 8 in Conjurations
  7547 | D:5      | Entered Level 5 of the Dungeon
  7548 | D:5      | Found a runed translucent door.
  7548 | D:5      | Noticed BigDaddyOpFi's ghost (amateur GrDe)
  7569 | D:5      | Noticed a steam dragon
  7572 | D:5      | Reached XP level 8. HP: 58/58 MP: 8/12
  7883 | D:5      | Reached skill level 1 in Fighting
  8364 | D:5      | Reached skill level 1 in Staves
  8607 | D:5      | You fall into a shaft and drop 3 floors!
  8679 | D:8      | Reached skill level 9 in Conjurations
  9113 | D:7      | Found Zevvuaph's Armour Shop.
  9749 | D:7      | Noticed an orc sorcerer
  9760 | D:7      | Noticed a soul eater
  9764 | D:7      | Killed from afar by an orc sorcerer

Illustrated notes

Levels and vault maps discovered:
D:1:      sevenhm_arrival_forest_fort_small_3, layout_loops_ring,
          dreamdust_ecumenical_altar_grove, serial_park_tiny_1
D:2:      layout_loops_corners, basic_altar, minmay_pentomino_s4, uniq_sigmund,
          uniq_crazy_yiuf_cottage
D:3:      layout_basic, slow_altar_1, kennysheep_okawaru_gauntlet, uniq_jessica
D:4:      layout_layer_cave, palyth_temple_overflow_mages, serial_shops,
          nicolae_shop_stone, uniq_grinder, uniq_natasha
D:5:      layout_loops_cross, lemuel_coloured_pillars_altar,
          hellmonk_ghost_happy_afterlife
D:7:      cheibrodos_wizards_tower, layout_basic, serial_shops,
          nicolae_shop_hallway_stairs
D:8:      layout_loops_ring

Skill      XL: |  1  2  3  4  5  6  7  8 |
---------------+-------------------------+-----
Stealth        | 2 |  2.7
Dodging        | 2 3 |  3.4
Spellcasting   | 3 4 |  4.4
Conjurations   | 5 6 8 9 |  9.7
Translocations | 2 3 |  3.3
Fighting       | 2 |  2.5
Staves         | 1 |  1.2

Action                   |  1- 3 |  4- 6 |  7- 9 || total
-------------------------+-------+-------+-------++-------
Melee: Unarmed           |    59 |       |       ||    59
       Tailslap          |    11 |     1 |     6 ||    18
       Dagger            |     8 |     7 |       ||    15
       Staff             |       |     9 |    68 ||    77
       Punch             |       |       |     1 ||     1
Throw: Dart              |       |     1 |       ||     1
 Cast: Magic Dart        |    44 |    31 |    28 ||   103
       Searing Ray       |    15 |    27 |    47 ||    89
       Iskenderun's Myst |       |       |    11 ||    11
Evoke: Wand              |       |       |     1 ||     1
  Use: Scroll            |     1 |     4 |     1 ||     6
       Potion            |       |       |     5 ||     5
 Stab: Sleeping          |     2 |       |       ||     2
Armor: Skin              |    26 |    17 |    67 ||   110
Dodge: Dodged            |    61 |    25 |    66 ||   152
